 Dungeon Crawl Stone Soup version 0.30-a0-715-gdb4ae3ece1 (webtiles) character file.

Game seed: 7946028176819602023

174 mopl the Slasher (level 5, -1/41 HPs)
             Began as a Merfolk Delver on Jan 24, 2023.
             Slain by Grinder (3 damage)
             ... on level 4 of the Dungeon.
             The game lasted 00:03:51 (2651 turns).

mopl the Slasher (Merfolk Delver)                   Turns: 2651, Time: 00:03:52

Health: -1/41      AC: 10    Str: 12    XL:     5   Next: 54%
Magic:  5/5        EV: 11    Int:  9    God:
Gold:   263        SH:  0    Dex: 15    Spells: 4/4 levels left

rFire   . . .      SeeInvis .    a - +0 falchion
rCold   . . .      Faith    .    (no shield)
rNeg    . . .      Spirit   .    j - +0 ring mail
rPois   +          Reflect  .    (no helmet)
rElec   .          Harm     .    h - +0 cloak of Ose Vit {rPois rCorr Str-3}
rCorr   +          Rampage  .    r - +0 pair of gloves
Will    .....                    v - +2 pair of boots
Stlth   +                        k - amulet of the acrobat
HPRegen 0.26/turn                l - ring of resist corrosion
MPRegen 0.09/turn                (no ring)

@: confused
A: (nimble swimmer 2), mertail
a: no special abilities


You were on level 4 of the Dungeon.
You visited 1 branch of the dungeon, and saw 5 of its levels.

You collected 263 gold pieces.

Inventory:

Hand Weapons
 a - a +0 falchion (weapon)
Missiles
 y - 2 poisoned darts (quivered)
Armour
 h - the +0 cloak of Ose Vit (worn) {rPois rCorr Str-3}
   (You found it on level 5 of the Dungeon)

   Str:       It affects your strength (-3).
   rPois:     It protects you from poison.
   rCorr:     It protects you from acid and corrosion.
 j - a +0 ring mail (worn)
 r - a +0 pair of gloves (worn)
 v - a +2 pair of boots (worn)
Jewellery
 k - an amulet of the acrobat (around neck)
 l - a ring of resist corrosion (left hand)
 t - a ring of magical power
Wands
 g - a wand of digging (3)
 n - a wand of iceblast (15)
Scrolls
 b - 2 scrolls of identify {unknown}
 c - 2 scrolls of fog
 d - a scroll of magic mapping
 e - 3 scrolls of fear
 i - a scroll of teleportation {unknown}
 m - 3 scrolls of poison {unknown}
 p - a scroll of amnesia {unknown}
 q - 2 scrolls of vulnerability {unknown}
 w - a scroll of blinking {unknown}
Potions
 f - a potion of haste
 o - a potion of lignification {unknown}
 s - a potion of might {unknown}
 u - a potion of heal wounds {unknown}
 x - a potion of flight {unknown}
 z - 2 potions of degeneration {unknown}
 A - 2 potions of mutation {unknown}


   Skills:
 - Level 3.2 Fighting
 + Level 6.7 Long Blades
 - Level 2.6 Dodging
 - Level 5.4 Stealth


You had 4 spell levels left.
You didn't know any spells.
Your spell library contained the following spells:

 Spells                   Type           Power      Damage    Failure   Level
 Apportation              Tloc           0%         N/A       67%         1
 Necrotise                Necr           0%         1d4       67%         1
 Summon Small Mammal      Summ           0%         N/A       67%         1
 Leda's Liquefaction      Hex/Erth       0%         N/A       100%        4
 Lee's Rapid Deconstruct  Erth           0%         3d4*      100%        5
 Statue Form              Tmut/Erth      0%         N/A       100%        6


Dungeon Overview and Level Annotations

Branches:
Dungeon (5/15)
 Temple: D:4-7

Altars:
Trog
Uskayaw
Zin
The Shining One

Shops:
D:3 [

Annotations:
D:2 exclusion: scorpion
D:4 2 transporters, Blork the orc, Grinder


Innate Abilities, Weirdness & Mutations

((You are very nimble when in or above water. (Stealth+, EV+, Speed+++)))
Your lower body shifts to a powerful aquatic tail in water.


Message History

You barely resist. You hit Grinder.
Grinder is moderately wounded.
Grinder gestures at you.
You suddenly lose the ability to move!
Grinder hits you.
You writhe in agony.
An orc wizard comes into view. It is wielding a +0 dagger.
Grinder hits you.
You can move again.
Unknown command.
Unknown command.
Grinder gestures at you. Pain shoots through your body!
Grinder blinks!
You see here a hound corpse.
Grinder gestures at you. Pain shoots through your body!
* * * LOW HITPOINT WARNING * * *
There is a stone staircase leading up here.
Grinder gestures at you.
You suddenly lose the ability to move!
You stop ascending the stairs.
The orc hits you but does no damage. The orc wizard casts a spell at you.
You are confused.
You can move again.
Unknown command.
Unknown command.
Unknown command.
Unknown command.
The orc hits you but does no damage.
The orc wizard gestures at you while chanting.
The magic dart hits you.
* * * LOW HITPOINT WARNING * * *
In your confused state, you trip and fall back down the stairs.
* * * LOW HITPOINT WARNING * * *
The orc shouts!
The orc hits you with a +0 club.
* * * LOW HITPOINT WARNING * * *
Grinder hits you.
You die...

###############
#..o@..........
#....5........
#..†..........
##..##o..##...
#####o..##
#....# #.o..#
#......
##..#....


You could see Grinder, an orc wizard and 3 orcs.

Vanquished Creatures
  A hound (D:4)
  7 adders
  2 worms
  A dart slug (D:3)
  6 ball pythons
  8 endoplasms
  4 giant cockroaches
  7 goblins
  4 hobgoblins
  7 jackals
  10 bats
  3 frilled lizards (D:3)
  6 kobolds
  8 rats
74 creatures vanquished.

Vanquished Creatures (others)
  4 fungi (D:3)
  6 plants (D:3)
10 creatures vanquished.

Grand Total: 84 creatures vanquished

Notes
Turn   | Place    | Note
-------+----------+-------------------------------------------
     0 | D:5      | mopl the Merfolk Delver began the quest for the Orb.
     0 | D:5      | Reached XP level 1. HP: 18/18 MP: 1/1
    81 | D:5      | Identified the +0 cloak of Ose Vit {rPois rCorr Str-3}
    88 | D:5      | Noticed a necrophage
   107 | D:5      | Found a bloodstained altar of Trog.
   141 | D:5      | Noticed an ice beast
   154 | D:4      | Noticed Blork the orc
   154 | D:4      | Found a transporter.
   154 | D:4      | Found a transporter.
   180 | D:4      | Reached skill level 3 in Long Blades
   180 | D:4      | Reached XP level 2. HP: 23/24 MP: 2/2
   259 | D:3      | Reached skill level 4 in Long Blades
   285 | D:3      | Reached XP level 3. HP: 29/29 MP: 3/3
   536 | D:2      | Reached skill level 5 in Long Blades
   538 | D:2      | Reached XP level 4. HP: 34/35 MP: 4/4
   947 | D:1      | Found a faded altar of an unknown god.
  1205 | D:2      | Noticed a scorpion
  1281 | D:2      | Reached skill level 6 in Long Blades
  1519 | D:2      | Reached XP level 5. HP: 41/41 MP: 5/5
  1990 | D:3      | Found a glowing golden altar of the Shining One.
  2008 | D:3      | Found Neichaw's Armour Boutique.
  2059 | D:3      | Found a glowing silver altar of Zin.
  2308 | D:3      | Found a hide-covered altar of Uskayaw.
  2633 | D:4      | Noticed Grinder
  2639 | D:4      | Paralysed by Grinder for 2 turns
  2647 | D:4      | Paralysed by Grinder for 3 turns
  2651 | D:4      | HP: 2/41 [orc/+0 club (4)]
  2651 | D:4      | Slain by Grinder

Illustrated notes

Levels and vault maps discovered:
D:1:      matt_arrival_los_fun, layout_basic, basic_ecumenical_altar
D:2:      layout_loops_ring, minmay_tromino_mix6
D:3:      layout_rooms, mainiacjoe_overflow_cross_hatched,
          amcnicky_altar_gilded, lemuel_tele_altar, serial_bayou,
          serial_bayou_crossing, serial_bayou_ford_a, serial_bayou_lagoon_b,
          serial_shops, nicolae_shop_waterfront, hangedman_feature_mirror
D:4:      nicolae_cairo_tiling_large_dashed, layout_gridville,
          mainiacjoe_overflow_alcove_1, gammafunk_ghost_smash, feat_on_display,
          uniq_grinder, uniq_blork_the_orc
D:5:      layout_layer_cave, lemuel_coloured_pillars_altar,
          grunt_temple_overflow_forces_of_nature, serial_shops, shop_statue,
          minmay_misc_feat_cross, kennysheep_big_empty_room, minivault_26,
          uniq_duvessa

Skill      XL: |  1  2  3  4 |
---------------+-------------+-----
Long Blades    | 3 4 5 6 |  6.7
Fighting       | |  3.2
Dodging        | |  2.6
Stealth        | |  5.4

Action                     |  1- 3 |  4- 6 || total
---------------------------+-------+-------++-------
  Melee: Falchion          |    62 |   192 ||   254
         Tailslap          |     2 |       ||     2
         Punch             |       |     2 ||     2
  Evoke: Wand              |       |     1 ||     1
   Stab: Sleeping          |     4 |     8 ||    12
         Distracted        |       |     3 ||     3
 Armour: Ring mail         |    28 |   109 ||   137
  Dodge: Dodged            |    50 |   135 ||   185

Table legend: (Time is in decaauts)
 A = Elapsed time spent in this place.
 B = Non-inter-level travel time spent in this place.
 C = Inter-level travel time spent in this place.
 D = Time resting spent in this place.
 E = Time spent auto-exploring this place.
 F = Levels seen in this place.
 G = Mean time per level.
                   A        B        C        D        E       F      G
               +--------+--------+--------+--------+--------+-----+--------+
         Total |   2613 |   2536 |     77 |    194 |   1617 |   5 |  522.6 |
       Dungeon |   2613 |   2536 |     77 |    194 |   1617 |   5 |  522.6 |
               +--------+--------+--------+--------+--------+-----+--------+

Top non-repeatable levels by time:
     D:2: 849 daAuts
     D:3: 771 daAuts
     D:1: 556 daAuts
     D:4: 282 daAuts
     D:5: 154 daAuts
